 Dungeon Crawl Stone Soup version 0.23.2-1-ga50397a (webtiles) character file.

Game seed: 4581326231426922833

1426 SidEye the Thaumaturge (level 8, 0/63 HPs)
             Began as a Demonspawn Earth Elementalist on May 10, 2019.
             Slain by an iguana (12 damage)
             ... on level 6 of the Dungeon.
             The game lasted 00:36:53 (6276 turns).

SidEye the Thaumaturge (DsEE)                       Turns: 6276, Time: 00:36:54

Health: 0/63       AC:  6    Str:  9    XL:     8   Next: 44%
Magic:  18/20      EV: 11    Int: 18    God:
Gold:   374        SH:  0    Dex: 14    Spells: 19/23 levels left

rFire    . . .     SeeInvis .   i - +4 mace
rCold    . . .     Gourm    .   (no shield)
rNeg     . . .     Faith    .   l - +0 leather armour
rPois    .         Spirit   .   (helmet restricted)
rElec    .         Reflect  .   (no cloak)
rCorr    .         Harm     .   (no gloves)
MR       .....                  (no boots)
Stlth    ++........             (no amulet)
HPRegen  0.20/turn              (no ring)
MPRegen  0.17/turn              (no ring)

@: no status effects
A: antennae 2, molten scales 2, powered by pain 2
a: no special abilities


You were on level 6 of the Dungeon.
You were not hungry.

You visited 1 branch of the dungeon, and saw 6 of its levels.

You collected 374 gold pieces.

Inventory:

Hand Weapons
 i - a +4 mace (weapon)
Missiles
 c - 69 stones (quivered)
Armour
 l - a +0 leather armour (worn)
Jewellery
 k - an uncursed ring of fire {unknown}
Wands
 b - a wand of iceblast (10)
 f - a wand of paralysis (6)
Scrolls
 a - 3 scrolls of amnesia
 e - 6 scrolls of remove curse
 h - a scroll of identify
 j - 2 scrolls of teleportation
 n - a scroll of vulnerability {unknown}
 o - a scroll of magic mapping {unknown}
Potions
 g - a potion of resistance {unknown}
 m - a potion of curing {unknown}
 p - a potion of heal wounds {unknown}
Comestibles
 d - 9 rations


   Skills:
 + Level 5.5 Fighting
 - Level 1.7 Dodging
 - Level 1.7 Stealth
 * Level 8.3 Spellcasting
   Level 0.8 Transmutations
 - Level 2.6 Earth Magic


You had 19 spell levels left.
You knew the following spells:

 Your Spells              Type           Power        Failure   Level  Hunger
a - Sandblast             Erth           ###...       4%          1    None
b - Stone Arrow           Conj/Erth      ##....       22%         3    #......

Your spell library contained the following spells:

 Spells                   Type           Power        Failure   Level  Hunger
 Passwall                 Tmut/Erth      ##......     10%         2    None
 Animate Skeleton         Necr           N/A          14%         1    None
 Pain                     Necr           #...         14%         1    None
 Regeneration             Chrm/Necr      #.........   38%         3    #......
 Vampiric Draining        Necr           #.........   38%         3    #......
 Petrify                  Tmut/Erth      ##......     54%         4    ###....
 Lee's Rapid Deconstruct  Erth           ###.......   77%         5    #####..
 Animate Dead             Necr           N/A          80%         4    ###....


Dungeon Overview and Level Annotations

Branches:
Dungeon (6/15)
 Temple: D:4-7

Altars:


Innate Abilities, Weirdness & Mutations

You have a pair of antennae on your head.
You are mostly covered in molten scales. (AC +3)
You sometimes gain power by taking damage.


Message History

You don't know that spell.
You barely miss the iguana.
The iguana is moderately wounded.
The iguana bites you. The iguana bites you!
You hit the iguana but do no damage.
The iguana is moderately wounded.
The iguana misses you.
You thump the iguana!
The iguana is severely wounded.
The iguana bites you!
* * * LOW HITPOINT WARNING * * *
Casting: Sandblast (safe; 4% risk of failure)
Confirm with . or Enter, or press ? or * to list all spells.
Aiming: Sandblast (safe; 4% risk of failure)
Press: ? - help, Shift-Dir - straight line, f/p - iguana
Aim: an iguana (severely wounded)
The blast of sand misses the iguana.
c - 69 stones The iguana bites you!
You die...

####### #.....# ###
#.###.####.###### #)#
#...........# #)###.###<.####.#
#..)..# #..# #.## ###)### #.##
#..# # #####(####### ##.# ###
#....(#@l..# #.# ..# #.#####.##.+
#.# #.# #.# #.# #.# #.# ####.#
#.# ### ##.#
#.#####....#####.###.### #..#
#......................###..#
...........##..#.#..........#
#######.#####..#.......###..#####
#######.#####..#.###............#


You could see an iguana.

Vanquished Creatures
  Sigmund (D:4)
  A sky beast (D:6)
  An orc warrior (D:6)
  An ice beast (D:6)
  An ogre (D:4)
  4 bullfrogs (D:6)
  An electric eel (D:6)
  A jelly (D:3)
  A hound (D:6)
  2 orc priests (D:3)
  Jessica (D:3)
  Ijyb (D:4)
  5 orc wizards (D:6)
  2 worker ants
  A gnoll (D:1)
  6 adders
  2 shadow imps
  2 oozes (D:4)
  2 worms
  5 dart slugs
  23 orcs
  A ball python (D:3)
  8 bats
  7 giant cockroaches
  6 hobgoblins
  18 jackals
  4 quokkas
  4 frilled lizards
  15 goblins
  6 kobolds
  14 rats
147 creatures vanquished.

Notes
Turn   | Place    | Note
-------+----------+-------------------------------------------
     0 | D:1      | SidEye the Demonspawn Earth Elementalist began the quest
                  | for the Orb.
     0 | D:1      | Reached XP level 1. HP: 13/13 MP: 3/3
   254 | D:1      | Gained mutation: You sometimes gain a little power by
                  | taking damage. [demonic ancestry]
   254 | D:1      | Reached XP level 2. HP: 19/19 MP: 2/5
   476 | D:1      | Reached skill level 3 in Spellcasting
   706 | D:1      | Gained mutation: You are partially covered in molten
                  | scales. (AC +2) [demonic ancestry]
   706 | D:1      | Reached XP level 3. HP: 19/24 MP: 1/7
  1431 | D:2      | Reached skill level 1 in Fighting
  1434 | D:2      | Gained mutation: You have a pair of small antennae on your
                  | head. [demonic ancestry]
  1434 | D:2      | Reached XP level 4. HP: 26/32 MP: 1/9
  1581 | D:2      | Reached skill level 4 in Spellcasting
  1918 | D:3      | Reached XP level 5. HP: 38/38 MP: 5/11
  2410 | D:3      | Noticed Jessica
  2419 | D:3      | Killed Jessica
  2419 | D:3      | Reached skill level 5 in Spellcasting
  2765 | D:3      | Gained mutation: You are mostly covered in molten scales.
                  | (AC +3) [demonic ancestry]
  2765 | D:3      | Reached XP level 6. HP: 43/46 MP: 11/13
  3189 | D:4      | Learned a level 3 spell: Stone Arrow
  3349 | D:4      | Noticed Ijyb
  3371 | D:4      | Paralysed by Ijyb for 7 turns
  3395 | D:4      | Killed Ijyb
  3852 | D:4      | Noticed Sigmund
  3857 | D:4      | Killed Sigmund
  3857 | D:4      | Reached skill level 6 in Spellcasting
  3857 | D:4      | Gained mutation: You have a pair of antennae on your head.
                  | [demonic ancestry]
  3857 | D:4      | Reached XP level 7. HP: 49/53 MP: 2/16
  4174 | D:5      | Entered Level 5 of the Dungeon
  5276 | D:6      | Reached skill level 7 in Spellcasting
  5771 | D:6      | Gained mutation: You sometimes gain power by taking damage.
                  | [demonic ancestry]
  5771 | D:6      | Reached XP level 8. HP: 56/61 MP: 15/19
  5804 | D:6      | Reached skill level 5 in Fighting
  6151 | D:6      | Reached skill level 8 in Spellcasting
  6276 | D:6      | Slain by an iguana

Skill      XL: |  1  2  3  4  5  6  7  8 |
---------------+-------------------------+-----
Spellcasting   | 3 4 5 6 7 8 |  8.3
Fighting       | 1 2 3 4 5 |  5.5
Dodging        | |  1.7
Stealth        | |  1.7
Transmutations | |  0.8
Earth Magic    | |  2.6

Action                   |  1- 3 |  4- 6 |  7- 9 || total
-------------------------+-------+-------+-------++-------
Melee: Unarmed           |     4 |       |       ||     4
       Mace              |     9 |    95 |    53 ||   157
 Cast: Sandblast         |    60 |    99 |    77 ||   236
       Stone Arrow       |       |     9 |     3 ||    12
  Use: Scroll            |     5 |     5 |     3 ||    13
       Potion            |       |       |     4 ||     4
  Eat: Chunk             |     2 |     4 |       ||     6
       Ration            |       |     1 |     3 ||     4
Armor: Robe              |    20 |    13 |       ||    33
       Leather armour    |       |    39 |    36 ||    75
Dodge: Dodged            |    44 |    95 |    70 ||   209
